 Dungeon Crawl Stone Soup version 0.23.2-1-ga50397a6bc (webtiles) character file.

Game seed: 13544657450147882582

101 Mrkan the Shield-Bearer (level 4, -2/28 HPs)
             Began as a Gargoyle Fighter on May 23, 2019.
             Slain by Natasha (5 damage)
             ... on level 2 of the Dungeon.
             The game lasted 00:02:44 (1445 turns).

Mrkan the Shield-Bearer (Gargoyle Fighter)          Turns: 1445, Time: 00:02:45

Health: -2/28      AC: 10    Str: 19    XL:     4   Next: 75%
Magic:  4/4        EV:  7    Int:  9    God:
Gold:   49         SH:  9    Dex: 10    Spells: 3/3 levels left

rFire    . . .     SeeInvis .   a - +0 flail
rCold    . . .     Gourm    .   c - +0 shield
rNeg     + . .     Faith    .   b - +0 scale mail
rPois    ∞         Spirit   .   (no helmet)
rElec    +         Reflect  .   (no cloak)
rCorr    .         Harm     .   (no gloves)
MR       .....                  (no boots)
Stlth    ..........             (no amulet)
HPRegen  0.09/turn              (no ring)
MPRegen  0.09/turn              (no ring)

@: no status effects
A: negative energy resistance 1, electricity resistance, unbreathing,
petrification resistance, rot immunity, AC +3
a: no special abilities


You were on level 2 of the Dungeon.
You were not hungry.

You visited 1 branch of the dungeon, and saw 2 of its levels.

You collected 49 gold pieces.

Inventory:

Hand Weapons
 a - a +0 flail (weapon)
Armour
 b - a +0 scale mail (worn)
 c - a +0 shield (worn)
 m - a +0 pair of boots
Jewellery
 o - a cursed -2 ring of evasion {unknown}
Scrolls
 e - 3 scrolls of identify {unknown}
 g - a scroll of enchant armour {unknown}
 h - a scroll of blinking {unknown}
 i - a scroll of teleportation {unknown}
 j - a scroll of noise {unknown}
 n - 2 scrolls of amnesia {unknown}
 p - a scroll of remove curse {unknown}
Potions
 d - a potion of might
 k - a potion of heal wounds {unknown}
 l - a potion of curing {unknown}
Comestibles
 f - 3 rations


   Skills:
 - Level 3.2 Fighting
 * Level 3.6 Maces & Flails
 - Level 3.2 Armour
 * Level 4.7 Shields


You had 3 spell levels left.
You didn't know any spells.
Your spell library was empty.

Dungeon Overview and Level Annotations

Branches:
Dungeon (2/15)

Altars:

Annotations:
D:2 Natasha


Innate Abilities, Weirdness & Mutations

You are resistant to torment.
Your stone body is resilient. (AC +3)
You are immune to poison.
You resist negative energy. (rN+)
You are resistant to electric shocks. (rElec)
You can survive without breathing.
You are immune to petrification.
You are immune to rotting.


Message History

* * * LOW HITPOINT WARNING * * *
Natasha closely misses you. Natasha claws you.
* * * LOW HITPOINT WARNING * * *
You block Natasha's attack.
Natasha mumbles some strange words.
You block Natasha's attack. Natasha claws you but does no damage.
You block Natasha's attack.
Natasha casts a spell.
You barely miss Natasha. Natasha closely misses you.
The crimson imp blinks!
The crimson imp hits you but does no damage.
You closely miss Natasha. You block Natasha's attack.
The crimson imp completely misses you.
You hit Natasha.
Natasha is lightly wounded.
Natasha mumbles some strange words.
Natasha glows brightly for a moment.
Natasha claws you.
You die...

#.#.. #.#.# #.#.# ...# #..#
..# ###### ########.#
.....#########55@h§...## .
.....##......#.######..# ...
.....##......#.#######.#....(
.....##......#................
.............................>
.............##########.......
.....######+## #######.#.###.
.....# #.# #..........# ....†#
#.# #..........#


You could see Natasha and 2 crimson imps.

Vanquished Creatures
  Natasha (twice) (D:2)
  An adder (D:2)
  3 leopard geckos
  7 bats
  3 giant cockroaches
  4 goblins (D:1)
  6 hobgoblins
  2 jackals (D:1)
  3 kobolds
  A frilled lizard (D:1)
  4 rats (D:1)
36 creatures vanquished.

Notes
Turn   | Place    | Note
-------+----------+-------------------------------------------
     0 | D:1      | Mrkan the Gargoyle Fighter began the quest for the Orb.
     0 | D:1      | Reached XP level 1. HP: 14/14 MP: 1/1
    80 | D:1      | Reached XP level 2. HP: 17/19 MP: 2/2
   333 | D:1      | Reached XP level 3. HP: 20/23 MP: 3/3
   344 | D:1      | Reached skill level 4 in Shields
  1381 | D:2      | Noticed Natasha
  1392 | D:2      | Killed Natasha
  1392 | D:2      | Reached XP level 4. HP: 23/28 MP: 4/4
  1401 | D:2      | Noticed Natasha
  1414 | D:2      | Killed Natasha
  1428 | D:2      | Noticed Natasha
  1445 | D:2      | Slain by Natasha

Skill      XL: |  1  2  3 |
---------------+----------+-----
Shields        | 4 |  4.7
Maces & Flails | 3 |  3.6
Fighting       | |  3.2
Armour         | |  3.2

Action                   |  1- 3 |  4- 6 || total
-------------------------+-------+-------++-------
Melee: Flail             |   170 |    11 ||   181
  Eat: Chunk             |     2 |       ||     2
Armor: Scale mail        |   107 |     9 ||   116
Dodge: Dodged            |    55 |     7 ||    62
Block: Shield            |   103 |    13 ||   116
